Map: Proxima Station LE

Players

DnS - Winner!

  • Race: Protoss Protoss
  • Spawn Location: 7:00

Thalandros

  • Race: Zerg Zerg
  • Spawn Location: 1:00

Event: WCS Valencia 2017

VOD

Have the link to the VOD?

Description

Time

  • Played on: July 13, 2017, 8:18 a.m.
  • Length: 13:35

All games in this series

Show
View Real Time Build Order
Export as new Build Order

DnS Protoss - Winner!

Build Orders: 1 Gate Expand, Oracle Opening, Phoenix Opening 

Get SALT Encoding   

  12  0:00  Probe (Chrono Boost)  
  13  0:11  Probe (Chrono Boost)  
  14  0:17  Pylon  
  14  0:22  Probe (Chrono Boost)  
  16  0:35  Probe (Chrono Boost)  
  16  0:37  Gateway  
  16  0:46  Probe (Chrono Boost)  
  16  0:47  Assimilator  
  17  0:57  Probe (Chrono Boost)  
  18  1:07  Probe (Chrono Boost)  
  19  1:20  Nexus  
  19  1:24  Probe (Chrono Boost)  
  20  1:33  Cybernetics Core  
  20  1:36  Probe (Chrono Boost)  
  21  1:41  Assimilator  
  22  1:47  Probe (Chrono Boost)  
  22  1:51  Pylon  
  22  1:57  Probe (Chrono Boost)  
  23  2:09  Probe  
  23  2:10  Warp Gate, Adept (Chrono Boost)  
  26  2:21  Probe  
  27  2:30  Probe  
  27  2:32  Stargate  
  27  2:33  Probe  
  27  2:36  Adept (Chrono Boost)  
  31  2:40  Probe  
  32  2:45  Probe  
  33  2:51  Probe (Chrono Boost)  
  33  2:57  Probe (Chrono Boost)  
  35  3:00  Adept (Chrono Boost)  
  37  3:16  Oracle (Chrono Boost)  
  37  3:18  Probe (Chrono Boost)  
  41  3:21  Probe (Chrono Boost), Gateway  
  41  3:22  Gateway  
  42  3:27  Probe (Chrono Boost)  
  42  3:32  Probe (Chrono Boost), Twilight Council  
  44  3:37  Pylon, Probe  
  44  3:38  Adept  
  45  3:44  Probe  
  46  3:53  Probe  
  46  3:55  Phoenix (Chrono Boost)  
  49  3:56  Probe  
  49  3:59  Assimilator  
  49  4:02  Pylon  
  50  4:03  Probe  
  50  4:08  Probe  
  52  4:19  Adept  
  52  4:20  Adept  
  52  4:21  Adept  
  54  4:31  Probe  
  54  4:33  Probe  
  54  4:42  Pylon  
  54  4:45  Pylon  
  54  4:48  Pylon  
  54  4:51  Pylon  
  54  4:56  Pylon  
  54  4:57  Pylon  
  54  4:59  Pylon  
  53  5:00  Probe x2  
  53  5:04  Adept x2  
  57  5:12  Probe  
  57  5:13  Probe  
  59  5:15  Resonating Glaives (Chrono Boost)  
  59  5:18  Nexus  
  59  5:21  Pylon  
  59  5:26  Adept x2  
  59  5:28  Sentry  
  65  5:29  Probe  
  65  5:31  Probe  
  67  5:41  Probe  
  68  5:43  Probe  
  68  5:49  Pylon  
  69  5:54  Probe  
  70  6:00  Robotics Facility  
  70  6:02  Probe  
  71  6:05  Forge  
  71  6:07  Probe, Twilight Council  
  70  6:14  Probe  
  65  6:28  Probe x2  
  65  6:29  Probe  
  60  6:36  Assimilator  
  58  6:40  Probe, Mothership Core  
  58  6:41  Probe  
  58  6:42  Sentry x3  
  58  6:43  Warp Prism (Chrono Boost)  
  68  6:47  Photon Cannon  
  68  6:49  Pylon  
  68  6:50  Charge (Chrono Boost)  
  68  6:52  Probe  
  71  6:55  Probe, Protoss Ground Weapons Level 1  
  71  7:01  Probe  
  73  7:06  Zealot x3  
  77  7:08  Probe x2  
  77  7:10  Assimilator  
  77  7:11  Assimilator  
  79  7:16  Gateway  
  79  7:17  Gateway  
  79  7:19  Probe, Gateway  
  79  7:20  Probe  
  79  7:22  Pylon  
  81  7:23  Observer  
  81  7:24  Probe  
  81  7:28  Gateway  
  81  7:29  Gateway  
  83  7:33  Probe  
  83  7:36  Probe  
  86  7:37  Probe  
  86  7:39  Immortal  
  86  7:41  Pylon  
  91  7:51  Probe x3  
  91  7:52  Templar Archives  
  93  8:05  Probe x3  
  96  8:14  Zealot x4  
  96  8:15  Nexus  
  96  8:16  Pylon  
  96  8:18  Zealot  
  106  8:21  Zealot, Psionic Storm  
  106  8:25  Immortal  
  93  8:40  High Templar x3  
  93  8:41  Photon Cannon, High Templar  
  101  8:43  Pylon  
  101  8:45  Probe x2, Pylon  
  103  8:54  Probe  
  104  8:57  Probe x2, Protoss Ground Weapons Level 2  
  104  8:59  Immortal  
  106  9:03  High Templar x2  
  106  9:07  Archon  
  106  9:09  Pylon  
  114  9:12  Pylon  
  114  9:19  Assimilator  
  114  9:21  Photon Cannon  
  114  9:23  Assimilator  
  114  9:34  High Templar x2  
  114  9:36  Gateway, Immortal  
  118  9:38  Gateway  
  118  9:39  Archon  
  118  9:41  Gateway  
  118  9:45  Photon Cannon x2  
  122  9:47  Robotics Facility  
  122  9:53  Pylon  
  122  9:55  Pylon  
  122  9:57  Zealot x2  
  122  9:58  Zealot  
  122  9:59  Zealot  
  130  10:00  High Templar  
  130  10:01  High Templar  
  130  10:04  Archon  
  134  10:13  Immortal (Chrono Boost)  
  138  10:21  High Templar x2  
  138  10:22  Zealot x4  
  138  10:27  Archon  
  150  10:29  Photon Cannon x2  
  150  10:30  Pylon  
  150  10:31  Pylon  
  150  10:32  Photon Cannon  
  150  10:33  High Templar  
  150  10:34  High Templar  
  154  10:38  Archon  
  154  10:45  High Templar x2  
  154  10:48  Immortal (Chrono Boost)  
  162  10:51  Archon  
  162  10:52  Immortal (Chrono Boost)  
  166  10:59  Pylon  
  166  11:07  Stalker x4  
  166  11:34  Immortal (Chrono Boost)  
  166  11:36  Immortal (Chrono Boost)  
  166  11:37  Zealot x11  
  166  11:39  Protoss Shields Level 1  
  186  11:51  Gateway  
  186  11:52  Gateway  
  176  11:54  Gateway  
  176  11:56  Gateway  
  176  12:03  High Templar x4  
  176  12:05  Warp Prism  
  176  12:07  Archon x2  
  184  12:11  High Templar  
  184  12:12  High Templar  
  190  12:17  Archon  
  182  12:37  High Templar x4  
  182  12:41  Archon x2  
  190  13:12  Zealot x5  
  160  13:29  Zealot x10  
  150  13:34  Zealot x3  
  150  13:35  Zealot x12  
Show
View Real Time Build Order
Export as new Build Order

Thalandros Zerg 

Build Orders: Hatch First 

Get SALT Encoding   

  12  0:00  Drone  
  13  0:13  Overlord  
  13  0:17  Drone  
  14  0:31  Drone x2  
  16  0:36  Drone  
  17  0:53  Hatchery  
  17  0:57  Drone  
  17  0:59  Extractor  
  17  1:04  Drone  
  17  1:19  Spawning Pool  
  17  1:20  Drone  
  17  1:22  Drone  
  18  1:32  Drone  
  19  1:42  Overlord  
  19  1:54  Overlord  
  19  2:06  Metabolic Boost  
  19  2:09  Queen  
  19  2:14  Queen  
  23  2:16  Drone  
  23  2:17  Drone  
  25  2:28  Zergling x4  
  27  2:31  Drone x2  
  29  2:38  Drone  
  29  2:39  Drone  
  31  2:44  Evolution Chamber  
  30  2:59  Drone x2  
  30  3:03  Hatchery  
  31  3:09  Zergling x4  
  32  3:13  Zergling x2  
  32  3:18  Zergling x4  
  32  3:19  Zergling x4  
  36  3:31  Zergling x10  
  41  3:44  Zergling x2  
  41  3:48  Overlord  
  42  3:50  Queen  
  44  4:07  Spore Crawler x2, Queen  
  44  4:08  Drone x3  
  44  4:09  Drone x2  
  49  4:16  Drone x2  
  45  4:28  Drone x4  
  47  4:33  Drone  
  47  4:37  Drone x2  
  46  4:39  Zergling x2  
  46  4:46  Drone x2  
  46  4:52  Drone x2  
  49  5:01  Drone  
  49  5:02  Drone  
  49  5:03  Overlord  
  48  5:10  Spore Crawler  
  48  5:13  Overlord  
  45  5:16  Zerg Melee Weapons Level 1  
  45  5:20  Baneling Nest  
  44  5:24  Drone x6  
  50  5:29  Overlord  
  50  5:35  Drone x2  
  51  5:36  Drone x3  
  54  5:44  Overlord  
  54  5:45  Zergling x8  
  54  5:49  Zergling x6  
  60  5:57  Zergling x6  
  60  6:02  Zergling x8  
  60  6:04  Baneling x4  
  62  6:05  Baneling x2  
  60  6:13  Zergling x8  
  60  6:15  Baneling  
  61  6:23  Zergling x2  
  61  6:24  Zergling x10  
  58  6:33  Drone x3  
  58  6:34  Drone x2  
  59  6:43  Queen  
  59  6:46  Baneling x3  
  61  6:49  Drone x2  
  61  6:50  Drone x2  
  65  6:56  Overlord  
  64  7:07  Drone x4  
  64  7:08  Drone  
  64  7:11  Overlord  
  64  7:13  Extractor  
  64  7:15  Extractor x2, Drone x3  
  65  7:18  Lair  
  64  7:23  Extractor  
  64  7:24  Drone x3  
  66  7:31  Drone x2  
  66  7:32  Drone  
  66  7:34  Extractor  
  68  7:39  Zergling x10  
  73  7:48  Hatchery  
  72  7:53  Zergling x6  
  72  7:54  Zergling x6  
  78  8:02  Drone x3  
  78  8:03  Overlord x3  
  77  8:27  Zergling x2  
  77  8:28  Zergling x20  
  77  8:34  Queen  
  82  8:36  Zerg Melee Weapons Level 2  
  82  8:37  Centrifical Hooks  
  82  8:38  Hydralisk Den  
  83  8:42  Drone  
  83  8:43  Drone x6  
  83  8:44  Overlord  
  89  8:50  Queen  
  89  8:51  Hatchery  
  89  8:54  Baneling x5  
  89  8:55  Baneling  
  90  8:57  Drone x5, Overlord  
  95  9:05  Pneumatized Carapace  
  95  9:10  Muscular Augments  
  95  9:14  Drone x4  
  95  9:16  Extractor  
  98  9:18  Extractor  
  97  9:29  Hydralisk  
  97  9:30  Hydralisk x7  
  113  9:44  Overlord x3  
  113  9:51  Overlord  
  113  9:52  Overlord  
  113  9:54  Drone  
  113  9:55  Drone x5  
  113  9:56  Overlord x2  
  119  10:13  Hydralisk, Baneling x4  
  119  10:14  Hydralisk x4, Baneling x4  
  119  10:15  Zergling x12  
  135  10:23  Hydralisk  
  135  10:24  Hydralisk x4  
  145  10:33  Baneling x3  
  145  10:34  Baneling x6  
  145  10:35  Baneling x3  
  145  10:42  Zergling x22  
  156  10:52  Zerg Missile Weapons Level 1  
  156  10:54  Hydralisk  
  156  10:55  Hydralisk x6  
  170  11:02  Infestation Pit  
  169  11:05  Spore Crawler  
  169  11:06  Spore Crawler, Drone x4  
  169  11:07  Drone x2  
  171  11:19  Hydralisk  
  171  11:23  Overlord x4  
  162  11:45  Drone x5  
  161  11:48  Zergling x22  
  161  11:49  Zergling x6  
  173  11:56  Hive  
  173  12:05  Baneling x9  
  173  12:08  Baneling x7  
  173  12:09  Zergling x6  
  173  12:10  Zergling x14  
  183  12:18  Overlord x2  
  183  12:19  Hydralisk x2  
  183  12:20  Hatchery  
  186  12:28  Extractor  
  180  12:32  Extractor  
  180  12:35  Hydralisk x2  
  180  12:36  Hydralisk x3, Zergling x2  
  185  12:37  Zergling x18  
  185  12:40  Baneling x5  
  185  12:41  Baneling x3  
  193  12:59  Zergling x14  
  200  13:12  Baneling  
  200  13:13  Baneling x7  
Tags
 
Add a new tag
Caveats
  • Supply blocks, unpowered buildings, or Contaminate may cause inaccurate times.
  • Supply counts are checked every 10 seconds.